 Dungeon Crawl Stone Soup version 0.31.0-11-ge490571c62 (webtiles) character file.

Game seed: 4464042902853494740

1242 ces the Ducker (level 8, -2/56 (62) HPs)
             Began as a Gnoll Wanderer on Feb 1, 2024.
             Was an Initiate of Ashenzari.
             Slain by a wight
             ... wielding a +3 dagger
              (9 damage)
             ... on level 9 of the Dungeon.
             The game lasted 00:13:30 (5564 turns).

ces the Ducker (Gnoll Wanderer)                     Turns: 5564, Time: 00:13:31

HP:   -2/56 (62)    AC:  7    Str: 11 (14) XL:     8   Next: 49%
MP:   13/13         EV: 16    Int:  7 (10) God:    Ashenzari [......]
Gold: 210           SH:  2    Dex: 11 (13) Spells: 14/14 levels left

rFire   . . .        a - +4 spear
rCold   . . .        (no shield)
rNeg    . . .        e - +0 leather armour
rPois   .            c - +1 helmet
rElec   .            (no cloak)
rCorr   +            (no gloves)
SInv    .            (no boots)
Will    .....        (no amulet)
Stlth   ++           n - ring of the Octopus King {rCorr HP+2 AC+2 EV+2 SH+2, Dev, Self} (curse)
HPRegen 0.29/turn    (no ring)
MPRegen 0.13/turn

%: no passive effects
@: mighty, weak-willed, heavily drained
A: fangs 1, strong nose, distributed training
a: Renounce Religion, Curse Item, Shatter the Chains


You were on level 9 of the Dungeon.
You worshipped Ashenzari.
Ashenzari was noncommittal.
You visited 1 branch of the dungeon, and saw 7 of its levels.

You collected 210 gold pieces.

Inventory:

Hand Weapons
 a - a +4 spear (weapon)
 b - a +0 sling
Armour
 c - a +1 helmet (worn)
 e - a +0 leather armour (worn)
Jewellery
 h - a +6 ring of intelligence
 n - a cursed ring of the Octopus King (left hand) {rCorr HP+2 AC+2 EV+2 SH+2, Dev, Self}
   (You found it on level 2 of the Dungeon)

   [ring of resist corrosion]

   AC+2:      It affects your AC (+2).
   EV+2:      It affects your evasion (+2).
   HP+2:      It affects your health (+2).
   rCorr:     It protects you from acid and corrosion.
   SH+2:      It affects your SH (+2).
   It has a curse which improves the following skills: Devices: Evocations and
   Shapeshifting.
   Introspection: Fighting and Spellcasting.
Talismans
 g - a dragon-blood talisman
Wands
 f - a wand of iceblast (10)
Scrolls
 i - a scroll of noise
Potions
 d - 3 potions of brilliance
 k - a potion of degeneration
 s - a potion of attraction


   Skills:
 + Level 3.4(3.8) Fighting
 + Level 3.4 Short Blades
 + Level 3.4 Long Blades
 + Level 3.4 Axes
 + Level 3.4 Maces & Flails
 + Level 5.8 Polearms
 + Level 3.4 Staves
 + Level 5.8 Ranged Weapons
 + Level 3.4 Throwing
 + Level 4.3 Armour
 + Level 7.4 Dodging
 + Level 3.4 Stealth
 + Level 3.4 Shields
 + Level 3.4 Unarmed Combat
 + Level 3.4(3.8) Spellcasting
 + Level 2.8 Conjurations
 + Level 2.8 Hexes
 + Level 2.8 Summonings
 + Level 2.8 Necromancy
 + Level 2.8 Translocations
 + Level 2.8 Fire Magic
 + Level 2.8 Ice Magic
 + Level 2.8 Air Magic
 + Level 2.8 Earth Magic
 + Level 2.8 Alchemy
 + Level 4.6 Invocations
 + Level 4.3(4.7) Evocations
 + Level 3.1(3.5) Shapeshifting


You had 14 spell levels left.
You didn't know any spells.
Your spell library contained the following spells:

 Spells                   Type           Power      Damage    Failure   Level
 Apportation              Tloc           10%        N/A       13%         1
 Sting                    Conj/Alch      20%        1d4       13%         1
 Summon Small Mammal      Summ           20%        N/A       13%         1
 Ensorcelled Hibernation  Hex/Ice        10%        N/A       19%         2
 Jinxbite                 Hex            10%        N/A       19%         2
 Mercury Vapours          Alch/Air       10%        N/A       19%         2
 Call Canine Familiar     Summ           5%         N/A       36%         3
 Passwall                 Erth           5%         N/A       36%         3
 Swiftness                Air            5%         N/A       36%         3
 Olgreb's Toxic Radiance  Alch           5%         N/A       77%         4
 Summon Blazeheart Golem  Fire/Summ      5%         N/A       77%         4
 Alistair's Intoxication  Alch           3%         N/A       98%         5
 Summon Forest            Summ/Tloc      2%         N/A       98%         5
 Summon Mana Viper        Hex/Summ       5%         N/A       98%         5
 Yara's Violent Unravell  Hex/Alch       2%         3d3       98%         5
 Summon Cactus Giant      Summ           2%         N/A       100%        6
 Enfeeble                 Hex            2%         N/A       100%        7


Dungeon Overview and Level Annotations

Branches:
Dungeon (9/15)             Temple (0/1) D:4            Lair (0/5) D:8
    Orc: D:9-12

Altars:
Ashenzari
Cheibriados
Hepliaklqana
Trog
Yredelemnul
Zin
The Shining One


Innate Abilities, Weirdness & Mutations

You have very sharp teeth.
Your uncanny sense of smell can sniff out nearby items.
Your experience applies equally to all skills.


Message History

Your butterfly is engulfed in a cloud of scalding steam.
Your butterfly dies!
Your butterfly disappears in a burst of colours!
You swap places.
Your butterfly is engulfed in a cloud of scalding steam.
Your butterfly dies!
Your butterfly disappears in a burst of colours!
A sky beast appears from thin air!
Reactivating autopickup.
Your butterfly is engulfed in a cloud of scalding steam.
Your butterfly dies!
Your butterfly disappears in a burst of colours!
Your butterfly is engulfed in a cloud of scalding steam.
Your butterfly dies!
Your butterfly disappears in a burst of colours!
There is an escape hatch in the floor here.
You slide downwards.
The hatch slams shut behind you.
You hear the roar of battle.
There is an entrance to a bailey on this level.
Hurry and find it before the portal closes forever!
Found a brass wand, a club and a potion of brilliance.
You have a vision of a gate.
You see here a wand of flame (9).
The wight barely misses you.
The wight hits you from afar with a +0 trident.
* * * LOW HITPOINT WARNING * * *
You see here a wand of paralysis (6).
The wight attacks as it pursues you! The wight barely misses you.
The wight attacks as it pursues you! The wight misses you.
As you read the scroll labelled QAGAOT ZIEK, it crumbles to dust.
A wave of despondency washes over your surroundings.
It was a scroll of vulnerability.
The wight barely misses you.
Okay, then.
There are monsters nearby!
You block the wight's attack. The wight hits you with a +0 dagger.
* * * LOW HITPOINT WARNING * * *
You feel drained.
* * * LOW HITPOINT WARNING * * *
You begin transforming.
You continue transforming.
The wight barely misses you. The wight hits you with a +3 dagger!
You die...

...#
########...#
..........##
...........
..........
.........
#.!..# #@z..#
#.z..# #zz..#
∆ #z)..#
.######/...+
...........#
....z../...#
...........#
#####........#


You could see 5 wights.

Vanquished Creatures
  Pikel (D:4)
  An ice beast (D:5)
  A black bear (D:4)
  An ogre (D:4)
  2 scorpions (D:4)
  A bombardier beetle (D:4)
  A bullfrog zombie (D:4)
  A hound (D:4)
  An orc priest (D:4)
  A gnoll bouda (D:4)
  An iguana (D:4)
  An orc wizard (D:4)
  3 gnolls
  6 adders
  2 ufetubi (D:5)
  An adder zombie (D:4)
  3 dart slugs
  11 orcs
  5 endoplasms
  3 giant cockroaches
  9 goblins
  7 hobgoblins
  4 jackals
  5 quokkas
  10 ball pythons
  2 bats
  3 frilled lizards
  5 kobolds
  3 rats
95 creatures vanquished.

Notes
Turn   | Place    | Note
-------+----------+-------------------------------------------
     0 | D:1      | ces the Gnoll Wanderer began the quest for the Orb.
     0 | D:1      | ces set off with the following items: a +2 spear, a +0
                  | sling, a +0 helmet, a potion of brilliance, a +0 leather
                  | armour.
     0 | D:1      | Reached XP level 1. HP: 13/13 MP: 2/2
   166 | D:1      | Reached XP level 2. HP: 18/19 MP: 3/3
   237 | D:1      | Found a faded altar of an unknown god.
   251 | D:1      | Prayed at the altar of an unknown god.
   251 | D:1      | Became a worshipper of Ashenzari the Shackled
   486 | D:1      | Reached XP level 3. HP: 25/25 MP: 4/4
   943 | D:2      | Identified the +0 leather armour of Hospitality {^Contam
                  | Str+3 Dex+3 Stlth+}
  1045 | D:2      | Found the ring of the Octopus King
  1054 | D:2      | Identified a ring of the Octopus King {rCorr HP+2 AC+2 EV+2
                  | SH+2}
  1167 | D:2      | Found a glowing golden altar of the Shining One.
  1261 | D:2      | Reached skill level 1 in Fighting
  1261 | D:2      | Reached skill level 1 in Short Blades
  1261 | D:2      | Reached skill level 1 in Long Blades
  1261 | D:2      | Reached skill level 1 in Axes
  1261 | D:2      | Reached skill level 1 in Maces & Flails
  1261 | D:2      | Reached skill level 1 in Staves
  1261 | D:2      | Reached skill level 1 in Throwing
  1261 | D:2      | Reached skill level 1 in Stealth
  1261 | D:2      | Reached skill level 1 in Shields
  1261 | D:2      | Reached skill level 1 in Unarmed Combat
  1261 | D:2      | Reached skill level 1 in Spellcasting
  1460 | D:3      | Reached skill level 1 in Shapeshifting
  1460 | D:3      | Reached XP level 4. HP: 29/32 MP: 6/6
  1855 | D:3      | Reached skill level 1 in Conjurations
  1855 | D:3      | Reached skill level 1 in Hexes
  1855 | D:3      | Reached skill level 1 in Summonings
  1855 | D:3      | Reached skill level 1 in Necromancy
  1855 | D:3      | Reached skill level 1 in Translocations
  1855 | D:3      | Reached skill level 1 in Fire Magic
  1855 | D:3      | Reached skill level 1 in Ice Magic
  1855 | D:3      | Reached skill level 1 in Air Magic
  1855 | D:3      | Reached skill level 1 in Earth Magic
  1855 | D:3      | Reached skill level 1 in Alchemy
  1865 | D:3      | Found a bloodstained altar of Trog.
  2366 | D:4      | Reached XP level 5. HP: 25/38 MP: 7/7
  2540 | D:4      | Found a basalt altar of Yredelemnul.
  2577 | D:4      | Found a snail-covered altar of Cheibriados.
  2712 | D:4      | Found a staircase to the Ecumenical Temple.
  3021 | D:4      | Found a hazy altar of Hepliaklqana.
  3030 | D:4      | Noticed Pikel
  3038 | D:4      | Noticed a lemure
  3040 | D:4      | Noticed a black bear
  3040 | D:4      | Noticed a lemure
  3041 | D:4      | Noticed a lemure
  3042 | D:4      | Noticed a lemure
  3125 | D:4      | Killed Pikel
  3126 | D:4      | Reached skill level 5 in Polearms
  3126 | D:4      | Reached skill level 5 in Ranged Weapons
  3126 | D:4      | Reached skill level 7 in Dodging
  3126 | D:4      | Reached XP level 6. HP: 47/47 MP: 7/10
  3126 | D:4      | Reached XP level 7. HP: 52/52 MP: 7/11
  3904 | D:5      | Entered Level 5 of the Dungeon
  3928 | D:4      | Reached XP level 8. HP: 42/58 MP: 11/13
  4024 | D:5      | Noticed a two-headed ogre
  5227 | D:5      | You fall into a shaft and drop 3 floors!
  5247 | D:8      | Found a glowing silver altar of Zin.
  5259 | D:8      | Noticed a death yak
  5261 | D:8      | Found a staircase to the Lair.
  5262 | D:8      | Noticed a death yak
  5263 | D:8      | Noticed a death yak
  5564 | D:9      | Slain by a wight

Illustrated notes

Levels and vault maps discovered:
D:1:      matt_arrival_grand_opening, layout_loops_ring,
          ebering_ecumenical_altar_rust
D:2:      layout_basic, basic_altar, minmay_misc_feat_iff
D:3:      layout_loops_corners, mainiacjoe_overflow_small_starburst
D:4:      layout_loops_ring, mainiacjoe_overflow_concentric_impassable,
          lemuel_zombie_altar_yredelemnul, lemuel_tele_altar,
          minmay_temple_entry_from_below_a, kennysheep_donut,
          nicolae_concentric_dashed_squares_wild, uniq_pikel
D:5:      layout_cave_pools, uniq_eustachio
D:8:      layout_basic, overflow_temple_1_default, lemuel_crystal_altar,
          dpeg_lair_monsters, uniq_maurice
D:9:      minmay_the_grid_4x2 [minmay_the_grid_garden, minmay_the_grid_spikes,
          minmay_the_grid_gridbox, minmay_the_grid_tiny_cups,
          minmay_the_grid_empty, minmay_the_grid_tree, minmay_the_grid_dragon_a,
          minmay_the_grid_prize_shrinking_boxes], layout_irregular_city,
          mainiacjoe_overflow_surrounded_room, erik_orc_1, enter_bailey_5,
          uniq_harold, uniq_gastronok

Skill      XL: |  1  2  3  4  5  6  7  8 |
---------------+-------------------------+-----
Fighting       | 1 2 3 |  3.4
Short Blades   | 1 2 3 |  3.4
Long Blades    | 1 2 3 |  3.4
Axes           | 1 2 3 |  3.4
Maces & Flails | 1 2 3 |  3.4
Staves         | 1 2 3 |  3.4
Throwing       | 1 2 3 |  3.4
Stealth        | 1 2 3 |  3.4
Shields        | 1 2 3 |  3.4
Unarmed Combat | 1 2 3 |  3.4
Spellcasting   | 1 2 3 |  3.4
Shapeshifting  | 1 2 3 |  3.1
Conjurations   | 1 2 |  2.8
Hexes          | 1 2 |  2.8
Summonings     | 1 2 |  2.8
Necromancy     | 1 2 |  2.8
Translocations | 1 2 |  2.8
Fire Magic     | 1 2 |  2.8
Ice Magic      | 1 2 |  2.8
Air Magic      | 1 2 |  2.8
Earth Magic    | 1 2 |  2.8
Alchemy        | 1 2 |  2.8
Invocations    | 3 4 |  4.6
Armour         | 3 4 |  4.3
Evocations     | 3 4 |  4.3
Polearms       | 5 |  5.8
Ranged Weapons | 5 |  5.8
Dodging        | 7 |  7.4

Action                     |  1- 3 |  4- 6 |  7- 9 || total
---------------------------+-------+-------+-------++-------
  Melee: Spear             |   107 |   128 |   199 ||   434
         Bite              |    10 |    18 |    16 ||    44
         Punch             |     1 |     1 |     5 ||     7
 Invoke: Curse Item        |     1 |       |       ||     1
  Evoke: Wand              |       |     3 |       ||     3
    Use: Scroll            |     1 |     6 |     8 ||    15
         Potion            |       |     1 |     9 ||    10
   Stab: Sleeping          |     5 |     2 |     2 ||     9
         Distracted        |       |       |     1 ||     1
 Armour: Leather armour    |    20 |    35 |   119 ||   174
  Dodge: Dodged            |    43 |    54 |   161 ||   258
  Block: Other             |       |     7 |    20 ||    27
   Form: Dragon            |       |       |     1 ||     1
